 Dungeon Crawl Stone Soup version 0.30-a0-465-g8901f6c8b5 (webtiles) character file.

Game seed: 5686436303123144393

163 Zonian the Magician (level 5, -1/52 HPs)
             Began as a Djinni Ice Elementalist on Dec 18, 2022.
             Slain by Grinder (5 damage)
             ... on level 3 of the Dungeon.
             The game lasted 00:07:57 (5119 turns).

Zonian the Magician (Djinni Ice Elementalist)       Turns: 5119, Time: 00:07:59

Health: -1/52      AC:  3    Str:  4 (7)  XL:     5   Next: 72%
Gold:   175        EV: 13    Int: 19      God:
                   SH:  0    Dex: 12 (13)

rFire   + + .      SeeInvis .    f - +2 dagger (drain)
rCold   x . .      Faith    .    (no shield)
rNeg    . . .      Spirit   .    a - +1 robe
rPois   ∞          Reflect  .    (no helmet)
rElec   .          Harm     .    (no cloak)
rCorr   .          Rampage  .    (no gloves)
Will    .....                    (boots unavailable)
Stlth   ..........               e - amulet of the acrobat
HPRegen 0.28/turn                (no ring)
MPRegen 0.00/turn                (no ring)

@: berserking, flying, very quick
A: sickness immunity, fire resistance 2, cold vulnerability 1, float, innate
caster, HP casting, extra vitality 1
a: no special abilities


You were on level 3 of the Dungeon.
You visited 1 branch of the dungeon, and saw 3 of its levels.

You collected 175 gold pieces.

Inventory:

Hand Weapons
 b - a +1 short sword
 f - a +2 dagger of draining (weapon)
Armour
 a - a +1 robe (worn)
Jewellery
 e - an amulet of the acrobat (around neck)
 g - a ring of fire
 j - a ring of willpower
Scrolls
 k - 3 scrolls of immolation {unknown}
Potions
 d - a potion of degeneration
 i - 2 potions of heal wounds {unknown}
 l - a potion of resistance {unknown}


   Skills:
 + Level 3.9 Dodging
 + Level 3.1 Stealth
 + Level 3.9 Spellcasting


You couldn't memorise any spells.
You knew the following spells:

 Your Spells              Type           Power      Damage    Failure   Level
a - Freeze                Ice            72%        1d8       2%          1
b - Frozen Ramparts       Ice            36%        1d6       9%          3
c - Ozocubu's Armour      Ice            18%        N/A       9%          3
d - Summon Ice Beast      Ice/Summ       18%        N/A       26%         4
e - Summon Small Mammal   Summ           72%        N/A       2%          1
f - Blink                 Tloc           36%        N/A       4%          2
Your spell library was empty.

Dungeon Overview and Level Annotations

Branches:
Dungeon (3/15)

Altars:
Dithmenos

Shops:
D:1 =

Annotations:
D:2 Sigmund
D:3 Grinder


Innate Abilities, Weirdness & Mutations

You are immune to sickness and miasma.
You are immune to poison.
Your flesh is very heat resistant. (rF++)
You are vulnerable to cold. (rC-)
You float through the air rather than walking.
You learn spells naturally, not from books.
Your magical power is your life essence.
You have superior vitality. (+4 MHP)


Message History

Unknown command.
You puncture Grinder!
Grinder is moderately wounded.
Your bat completely misses Grinder.
You puncture Grinder!
Grinder is heavily wounded.
Your bat barely misses Grinder.
Grinder gestures at you. You resist with significant effort.
You closely miss Grinder.
Grinder is heavily wounded.
Your bat barely misses Grinder.
Grinder hits you but does no damage.
You closely miss Grinder.
Grinder is heavily wounded.
You hit Grinder.
Grinder is heavily wounded.
Your bat closely misses Grinder.
Grinder hits you.
* * * LOW HITPOINT WARNING * * *
You writhe in agony.
* * * LOW HITPOINT WARNING * * *
Unknown command.
You closely miss Grinder.
Grinder is heavily wounded.
Your bat misses Grinder.
Grinder says, "FISH!"
Grinder barely misses you.
You hit Grinder.
Grinder is severely wounded.
Your bat barely misses Grinder.
You hit Grinder.
Grinder is severely wounded.
Your bat barely misses Grinder.
Grinder closely misses you.
You completely miss Grinder.
Grinder is severely wounded.
Your bat barely misses Grinder.
Your bat completely misses Grinder.
Grinder says, "Mostly I couldn't keep them alive."
Grinder hits you.
* * * LOW HITPOINT WARNING * * *
You writhe in agony.
You die...

#.##.#......###.#...#####
##.#.#.#####.#........#
##...## ##.#.##.##.#
##.## ###.)..##.#
#.##########))####.#
##.#.......##.....#.#
#..#......<##......)#####
#.##.......##..##.###....
#.##...5@.....###........
#####.##...b...##.#
#####....
#.....##.......##.# ####.
#.#####........##†# #.
#.# #.#####.###.# #.
####.#####.# .# #.# #.
#.......##.# .. ..# #.
#.##.##.##.# .##### #. #
#.##.##.##.##.# #########
##


You could see Grinder (ally target) and a friendly bat (summoned).

Vanquished Creatures
  An orc priest (D:3)
  An orc wizard (D:3)
  A gnoll (D:2)
  3 adders
  3 dart slugs
  7 orcs (D:3)
  3 endoplasms
  4 giant cockroaches
  2 goblins
  4 hobgoblins
  2 jackals (D:1)
  8 kobolds
  2 quokkas
  8 ball pythons
  4 bats
  6 frilled lizards
  2 rats
61 creatures vanquished.

Vanquished Creatures (collateral kills)
  A goblin (D:2)
1 creature vanquished.

Grand Total: 62 creatures vanquished

Notes
Turn   | Place    | Note
-------+----------+-------------------------------------------
     0 | D:1      | Zonian the Djinni Ice Elementalist began the quest for the
                  | Orb.
     0 | D:1      | Zonian set off with the following spells memorised: Freeze,
                  | Frozen Ramparts, Ozocubu's Armour, Summon Ice Beast.
     0 | D:1      | Reached XP level 1. HP: 15/15 MP: 0/0
   589 | D:1      | Reached XP level 2. HP: 19/21 MP: 0/0
   882 | D:1      | Found Wuible's Jewellery Shoppe.
  1318 | D:1      | Reached XP level 3. HP: 19/25 MP: 0/0
  1318 | D:1      | Learned a level 1 spell: Summon Small Mammal
  1379 | D:1      | You are sucked into a shaft and drop 1 floor!
  1391 | D:2      | Identified the -1 pair of boots of Bonodgh {rN++ Will+}
  1502 | D:2      | Noticed Sigmund
  2772 | D:2      | Reached XP level 4. HP: 30/31 MP: 0/0
  3122 | D:3      | HP: 1/46 [orc/+0 hand axe (6)]
  3123 | D:3      | Reached XP level 5. HP: 1/35 MP: 0/0
  3123 | D:3      | Learned a level 2 spell: Blink
  3861 | D:3      | Found a shadowy altar of Dithmenos.
  5091 | D:3      | Noticed Grinder
  5119 | D:3      | Slain by Grinder

Illustrated notes

Levels and vault maps discovered:
D:1:      pf_arrival_petrified_forest, layout_loops_corners, serial_shops, shop,
          chequers_serial_rivers_micro_d, st_stairs_3
D:2:      layout_rooms, minmay_tromino_i4, uniq_sigmund
D:3:      layout_loops_cross, grunt_dithmenos_smoke, item_on_display_a,
          uniq_grinder

Skill      XL: |  1  2  3  4  5 |
---------------+----------------+-----
Stealth        | 2 3 |  3.1
Dodging        | 3 |  3.9
Spellcasting   | |  3.9

Action                   |  1- 3 |  4- 6 || total
-------------------------+-------+-------++-------
Melee: Unarmed           |     5 |       ||     5
       Punch             |     2 |       ||     2
       Short sword       |    39 |    52 ||    91
       Dagger            |       |    41 ||    41
 Cast: Freeze            |    41 |    27 ||    68
       Summon Small Mamm |     2 |     4 ||     6
       Frozen Ramparts   |       |     1 ||     1
  Use: Scroll            |     2 |     1 ||     3
       Potion            |       |     5 ||     5
 Stab: Sleeping          |     5 |     3 ||     8
Armor: Robe              |    26 |    17 ||    43
Dodge: Dodged            |    52 |    78 ||   130

Table legend: (Time is in decaauts)
 A = Elapsed time spent in this place.
 B = Non-inter-level travel time spent in this place.
 C = Inter-level travel time spent in this place.
 D = Time resting spent in this place.
 E = Time spent auto-exploring this place.
 F = Levels seen in this place.
 G = Mean time per level.
                   A        B        C        D        E       F      G
               +--------+--------+--------+--------+--------+-----+--------+
         Total |   5128 |   5066 |     62 |   2769 |   1566 |   3 | 1709.3 |
       Dungeon |   5128 |   5066 |     62 |   2769 |   1566 |   3 | 1709.3 |
               +--------+--------+--------+--------+--------+-----+--------+

Top non-repeatable levels by time:
     D:1: 2329 daAuts
     D:3: 1684 daAuts
     D:2: 1114 daAuts
